 Dungeon Crawl Stone Soup version 0.30-a0-359-gd0147acb1a (webtiles) character file.

Game seed: 9843890683714948375

6574 koil the Covert (level 10, -1/75 HPs)
             Began as a Vampire Enchanter on Nov 13, 2022.
             Was a Believer of Makhleb.
             Slain by sirJeffrey23's ghost (22 damage)
             ... on level 8 of the Dungeon.
             The game lasted 00:20:49 (5666 turns).

koil the Covert (Vampire Enchanter)                 Turns: 5666, Time: 00:20:50

Health: -1/75      AC: 12    Str:  7    XL:     10   Next: 70%
Magic:  16/19      EV: 14    Int: 22    God:    Makhleb [**....]
Gold:   464        SH:  0    Dex: 15    Spells: 16/21 levels left

rFire   . . .      SeeInvis +    a - +2 dagger (flame)
rCold   + . .      Faith    .    (no shield)
rNeg    . . .      Spirit   .    o - +3 leather armour of the Goldsmith {rPois rC+ Regen+ Slay+5}
rPois   +          Reflect  .    e - +2 helmet
rElec   .          Harm     .    z - +0 cloak
rCorr   .          Rampage  .    m - +0 pair of gloves
Will    +....                    (no boots)
Stlth   ++++......               (no amulet)
HPRegen 1.32/turn                u - ring of wizardry
MPRegen 0.16/turn                (no ring)

@: confusing by touch, healing quickly
A: alive, fangs 3, see invisible, vampiric 2
a: Exsanguinate, Renounce Religion, Minor Destruction


You were on level 8 of the Dungeon.
You worshipped Makhleb.
Makhleb was pleased with you.
You visited 2 branches of the dungeon, and saw 9 of its levels.

You collected 464 gold pieces.

Inventory:

Hand Weapons
 a - a +2 dagger of flaming (weapon)
 n - a +1 dagger
 v - a +3 short sword
 y - a +4 quarterstaff of chaos
Missiles
 g - 3 curare-tipped darts (quivered) {!f}
 w - a throwing net {!f}
 F - 8 poisoned darts
Armour
 b - a +1 robe of fire resistance
 e - a +2 helmet (worn)
 m - a +0 pair of gloves (worn)
 o - the +3 leather armour of the Goldsmith (worn) {rPois rC+ Regen+ Slay+5}
   (You took it off a goblin on level 2 of the Dungeon)

   Slay:      It affects your accuracy & damage with ranged weapons and melee
   (+5).
   rC:        It protects you from cold.
   rPois:     It protects you from poison.
   Regen:     It increases your rate of health regeneration.
 t - a +0 cloak
 z - a +0 cloak (worn)
 E - a +0 kite shield
 G - a +0 buckler
Jewellery
 u - a ring of wizardry (left hand)
Wands
 H - a wand of iceblast (11)
Scrolls
 f - 4 scrolls of immolation
 p - 2 scrolls of vulnerability
 x - 2 scrolls of teleportation
 C - a scroll of magic mapping {unknown}
 D - 4 scrolls of identify
Potions
 c - 3 potions of invisibility
 d - 2 potions of brilliance
 h - a potion of resistance {unknown}
 i - 2 potions of flight {unknown}
 j - 2 potions of heal wounds
 k - 2 potions of lignification {unknown}
 l - 6 potions of curing
 q - 2 potions of mutation {unknown}
 r - 2 potions of berserk rage {unknown}
 s - a potion of ambrosia {unknown}
 A - a potion of magic {unknown}
 B - 2 potions of attraction {unknown}


   Skills:
 + Level 5.6 Fighting
 + Level 6.7 Short Blades
 + Level 4.9 Armour
 + Level 7.1 Dodging
 + Level 10.7 Stealth
 + Level 6.0 Spellcasting
 + Level 9.9 Hexes


You had 16 spell levels left.
You knew the following spells:

 Your Spells              Type           Power      Damage    Failure   Level
a - Ensorcelled Hibernat  Hex/Ice        56%        N/A       1%          2
b - Confusing Touch       Hex            50%        N/A       1%          3

Your spell library contained the following spells:

 Spells                   Type           Power      Damage    Failure   Level
 Dazzling Flash           Conj/Hex       56%        N/A       1%          3
 Tukima's Dance           Hex            50%        N/A       1%          3
 Sandblast                Erth           12%        2d6       5%          1
 Fulminant Prism          Conj/Hex       14%        3d9       7%          4
 Passwall                 Tmut/Erth      5%         N/A       8%          2
 Kindle Blastsparks       Fire/Tloc/Air  12%        2d11      16%         3
 Stone Arrow              Conj/Erth      12%        3d7       16%         3
 Vhi's Electric Charge    Tloc/Air       12%        N/A       16%         3
 Iskenderun's Mystic Bla  Conj/Tloc      6%         2d4       43%         4
 Arcjolt                  Conj/Air       3%         1d13      77%         5
 Lee's Rapid Deconstruct  Erth           3%         3d5*      77%         5
 Maxwell's Capacitive Co  Air            3%         ∞         100%        8


Dungeon Overview and Level Annotations

Branches:
Dungeon (8/15)             Temple (1/1) D:4            Lair (0/5) D:8

Altars:
Ashenzari
Cheibriados
Dithmenos
Fedhas
Gozag
Makhleb
Nemelex Xobeh
Okawaru
Qazlal
Ru
Sif Muna
Trog
Uskayaw
Vehumet
Wu Jian
Xom
Yredelemnul

Shops:
D:5 (

Annotations:
D:8 sirJeffrey23's ghost, novice FoFi


Innate Abilities, Weirdness & Mutations

Your natural rate of healing is accelerated.
You have razor-sharp teeth.
You have supernaturally acute eyesight. (SInv)
You are afflicted with vampirism and can become a bat while bloodless.


Message History

You impale the two-headed ogre!! You burn the two-headed ogre.
You kill the two-headed ogre!
Makhleb accepts your kill.
Your Spellcasting skill increases to level 6!
No target in view!
There is a stone staircase leading down here.
Found two stone staircases leading down.
There is a stone staircase leading down here.
There is a stone staircase leading down here.
B - 2 puce potions (gained 1)
You see here a +0 rapier.
Found a stone.
Found a stone.
Found 3 large rocks and a stone.
Found 2 stones.
Found an escape hatch in the floor.
Things that are here:
a +0 flail; a +0 halberd; a gnoll skeleton Done exploring.
Press: ? - help, v - describe, . - travel The floor.
Unknown command.
Unknown command.
You open the gate.
There is an open translucent gate here.
You see here a stone.
SirJeffrey23's ghost turns its malevolent gaze towards you.
SirJeffrey23's ghost hits you!!
Casting: Confusing Touch (safe; 1% risk of failure)
Confirm with . or Enter, or press ? or * to list all spells.
Your hands begin to glow red.
SirJeffrey23's ghost hits you!!
You hit sirJeffrey23's ghost but do no damage.
SirJeffrey23's ghost hits you but does no damage.
You hit sirJeffrey23's ghost but do no damage.
You hit sirJeffrey23's ghost but do no damage.
SirJeffrey23's ghost hits you!
* * * LOW HITPOINT WARNING * * *
You hit sirJeffrey23's ghost but do no damage.
SirJeffrey23's ghost hits you!!
You die...

##...###.#.#.#)#
##..###..........
####..####.#.#.#.#)#
#.......##.#.....#.#
#.......##.###.#....
###'''###......#.#.#
#(....♣.##.###......
#..(....#..# ###.#..
#..@.♣..#### #....
#(W.....# ###.P
#...(.(.# #...
######### #...
###.#.# #... #...#.#
#... ########...#.#
#..# #..........#.#
#..# #.#######.##.#
#..#


You could see sirJeffrey23's ghost.

Vanquished Creatures
  3 two-headed ogres (D:8)
  Grinder (D:5)
  A wyvern (D:8)
  8 yaks (D:8)
  Menkaure (D:4)
  3 water moccasins
  Duvessa (D:5)
  6 black bears
  2 orc warriors
  2 centaurs
  A kobold brigand (D:8)
  6 bullfrogs
  A gnoll sergeant (D:8)
  A necrophage (D:5)
  3 scorpions
  Dowan (D:5)
  A wight (D:7)
  6 killer bees (D:7)
  A howler monkey (D:8)
  A crimson imp (D:5)
  2 hounds
  Crazy Yiuf (D:5)
  6 orc priests
  4 iguanas
  4 orc wizards
  12 gnolls
  8 adders
  3 shadow imps
  3 white imps
  A worm (D:3)
  A dart slug (D:1)
  19 orcs
  5 ball pythons
  5 bats
  7 endoplasms
  2 giant cockroaches (D:1)
  7 goblins
  6 hobgoblins
  A quokka (D:5)
  A frilled lizard (D:1)
  6 kobolds
  4 rats
  44 fungi (D:8)
  33 plants (D:8)
235 creatures vanquished.

Notes
Turn   | Place    | Note
-------+----------+-------------------------------------------
     0 | D:1      | koil the Vampire Enchanter began the quest for the Orb.
     0 | D:1      | Reached XP level 1. HP: 13/13 MP: 3/3
   137 | D:1      | Reached XP level 2. HP: 17/19 MP: 5/5
   157 | D:1      | Learned a level 2 spell: Ensorcelled Hibernation
  1070 | D:2      | Identified the +3 leather armour of the Goldsmith {rPois
                  | rC+ Regen+ Slay+5}
  1083 | D:2      | Gained mutation: You are afflicted with vampirism and can
                  | become a bat while bloodless. [Vampire growth]
  1083 | D:2      | Reached XP level 3. HP: 25/25 MP: 3/6
  1087 | D:2      | Learned a level 3 spell: Confusing Touch
  1477 | D:3      | Found a bloodstained altar of Trog.
  1477 | D:3      | Found a shimmering altar of Xom.
  1545 | D:3      | Reached skill level 1 in Fighting
  1709 | D:3      | Reached XP level 4. HP: 32/32 MP: 7/7
  1887 | D:3      | Reached skill level 5 in Stealth
  1887 | D:3      | Reached skill level 5 in Hexes
  1913 | D:3      | Reached skill level 1 in Armour
  1933 | D:3      | Reached XP level 5. HP: 19/37 MP: 4/8
  2211 | D:4      | Noticed a water moccasin
  2221 | D:4      | Killed a water moccasin
  2222 | D:4      | Reached XP level 6. HP: 42/44 MP: 6/10
  2387 | D:4      | Found a staircase to the Ecumenical Temple.
  2425 | D:4      | Found a stormy altar of Qazlal.
  2427 | D:4      | Noticed an air elemental
  2428 | D:4      | Noticed a water elemental
  2428 | D:4      | Noticed a fire elemental
  2480 | D:4      | Noticed Menkaure
  2487 | D:4      | Found a radiant altar of Vehumet.
  2491 | D:4      | Killed Menkaure
  2492 | D:4      | Reached skill level 6 in Stealth
  2570 | Temple   | Entered the Ecumenical Temple
  2647 | Temple   | Became a worshipper of Makhleb the Destroyer
  2833 | D:5      | Entered Level 5 of the Dungeon
  2856 | D:5      | Reached XP level 7. HP: 50/51 MP: 7/11
  2894 | D:5      | Found Dukoproi's Weapon Boutique.
  2931 | D:5      | Noticed Grinder
  2938 | D:5      | Killed Grinder
  3153 | D:5      | Noticed Dowan
  3223 | D:5      | Reached skill level 7 in Stealth
  3236 | D:5      | Noticed Duvessa
  3263 | D:5      | Killed Duvessa
  3268 | D:5      | Reached XP level 8. HP: 52/58 MP: 7/13
  3283 | D:5      | Killed Dowan
  3487 | D:5      | Found an opulent altar of Gozag.
  3643 | D:5      | Found a runed translucent door.
  3644 | D:5      | Noticed Crazy Yiuf
  3701 | D:5      | Killed Crazy Yiuf
  3855 | D:6      | Reached * piety under Makhleb
  3979 | D:6      | Reached skill level 8 in Stealth
  3996 | D:6      | Reached skill level 5 in Dodging
  4250 | D:6      | Found a sacrificial altar of Ru.
  4467 | D:7      | Reached XP level 9. HP: 54/65 MP: 10/15
  4577 | D:7      | You fall into a shaft and drop 1 floor!
  4583 | D:8      | Noticed a two-headed ogre
  4604 | D:8      | Killed a two-headed ogre
  4605 | D:8      | Reached skill level 5 in Short Blades
  4609 | D:8      | Reached skill level 9 in Stealth
  4616 | D:8      | Reached skill level 5 in Spellcasting
  4825 | D:8      | Reached ** piety under Makhleb
  4943 | D:8      | Reached XP level 10. HP: 64/73 MP: 14/18
  4961 | D:8      | Reached skill level 5 in Fighting
  4988 | D:8      | Reached skill level 10 in Stealth
  5151 | D:8      | Found a staircase to the Lair.
  5170 | D:8      | Noticed a two-headed ogre
  5204 | D:8      | Killed a two-headed ogre
  5378 | D:8      | Noticed a two-headed ogre
  5390 | D:8      | Killed a two-headed ogre
  5575 | D:8      | Found a runed translucent gate.
  5575 | D:8      | Found a runed translucent gate.
  5576 | D:8      | Found a runed translucent gate.
  5579 | D:8      | Noticed sirJeffrey23's ghost (novice FoFi)
  5666 | D:8      | Slain by sirJeffrey23's ghost

Illustrated notes

Levels and vault maps discovered:
D:1:      lemuel_arrival_funnel, layout_basic, serial_rivers,
          chequers_serial_rivers_marsh, chequers_serial_rivers_small_3,
          chequers_serial_rivers_room_b, chequers_serial_rivers_micro_d,
          chequers_serial_rivers_micro_b, chequers_serial_rivers_micro_a
D:2:      layout_rooms
D:3:      layout_rooms, jmf_multi_god_temple, serial_park_tiny_pond,
          reono_crystal_passage
D:4:      layout_cave_pools, elyvilon_altar_5, nicolae_qazlal_style_of_elements,
          lemuel_coloured_pillars_altar, minmay_temple_entry_overgrown,
          grunt_ministairs_3, minmay_misc_feat_columns, uniq_menkaure
D:5:      layout_rooms, nicolae_gozag_seed_capital, serial_shops,
          nicolae_shop_bloodbath_and_beyond, wad_floor_pattern_1,
          serial_park_tiny_1, chequers_serial_rivers_small_3,
          minmay_fire_ice_demons, uniq_grinder, uniq_crazy_yiuf_cottage,
          uniq_duvessa
D:6:      layout_rooms, hangedman_ru_absence
D:7:      layout_basic
D:8:      layout_loops_ring, due_lair_maze_entry_diamond,
          ebering_ghost_rock_garden, minmay_diced_spiral
Temple:   eino_narrow_crystal_temple

Skill      XL: |  1  2  3  4  5  6  7  8  9 10 |
---------------+-------------------------------+-----
Fighting       | 1 2 3 4 5 |  5.6
Stealth        | 5 6 7 8 9 10 | 10.7
Hexes          | 5 6 7 8 9 |  9.9
Short Blades   | 2 3 4 5 6 |  6.7
Armour         | 1 2 3 4 |  4.9
Dodging        | 3 4 5 6 7 |  7.1
Spellcasting   | 3 4 5 6 |  6.0

Action                   |  1- 3 |  4- 6 |  7- 9 | 10-12 || total
-------------------------+-------+-------+-------+-------++-------
Melee: Dagger            |   116 |    68 |   255 |   112 ||   551
       Bite              |     6 |     9 |    42 |    22 ||    79
       Punch             |       |     2 |     3 |     2 ||     7
 Cast: Ensorcelled Hiber |     2 |       |     2 |       ||     4
       Confusing Touch   |       |     7 |    22 |    11 ||    40
  Use: Scroll            |       |    10 |       |       ||    10
 Stab: Sleeping          |    11 |     2 |    12 |     1 ||    26
       Confused          |       |     4 |    14 |     9 ||    27
Armor: Robe              |    23 |       |       |       ||    23
       Leather armour    |    12 |    32 |    99 |    25 ||   168
Dodge: Dodged            |    74 |    54 |   162 |    49 ||   339

Table legend: (Time is in decaauts)
 A = Elapsed time spent in this place.
 B = Non-inter-level travel time spent in this place.
 C = Inter-level travel time spent in this place.
 D = Time resting spent in this place.
 E = Time spent auto-exploring this place.
 F = Levels seen in this place.
 G = Mean time per level.
                   A        B        C        D        E       F      G
               +--------+--------+--------+--------+--------+-----+--------+
         Total |   5572 |   5320 |    252 |    339 |   3610 |   9 |  619.1 |
       Dungeon |   5323 |   5099 |    224 |    218 |   3546 |   8 |  665.4 |
        Temple |    248 |    220 |     28 |    121 |     64 |   1 |  248.0 |
               +--------+--------+--------+--------+--------+-----+--------+

Top non-repeatable levels by time:
     D:8: 1029 daAuts
     D:1: 985 daAuts
     D:5: 945 daAuts
     D:4: 632 daAuts
     D:6: 631 daAuts
     D:3: 527 daAuts
     D:2: 448 daAuts
  Temple: 248 daAuts
     D:7: 124 daAuts
